SKY
BALTIMORE ORIOLES @ MEMPHIS BLUES
09/06/2051
 
TOP OF THE 1ST
Baltimore Orioles batting - Pitching for Memphis Blues : RHP Clark Bryant
Pitching: RHP Clark Bryant
Batting: LHB Tony Goerner 0-0: Ball
1-0: Foul Ball, location: 7LMF
1-1: Foul Ball, location: 3SF
1-2: Ball
2-2: Ground out 4-3 (Groundball, 4, EV 83.8 MPH)
Batting: SHB Magglio Trego 0-0: Called Strike
0-1: Ball
1-1: Foul Ball, location: 5SF
1-2: Strikes out looking
Batting: RHB Truman Jackson 0-0: Ball
1-0: Ball
2-0: SOLO HOME RUN (Flyball, 78XD, EV 97.5 MPH), Distance : 390 ft
Batting: LHB Shaun Lane 0-0: Swinging Strike
0-1: Ball
1-1: Foul Ball, location: 3FF
1-2: SOLO HOME RUN (Flyball, 89XD, EV 104.4 MPH), Distance : 417 ft
Batting: RHB Yovi Pizana 0-0: Called Strike
0-1: Fly out, F6 (Popup, 6MD, EV 46.9 MPH)
Top of the 1st over - 2 runs, 2 hits, 0 errors, 0 left on base; Baltimore 2 - Memphis 0
BOTTOM OF THE 1ST
Memphis Blues batting - Pitching for Baltimore Orioles : RHP Max Ibbotson
Pitching: RHP Max Ibbotson
Batting: RHB Julien Straton 0-0: Called Strike
0-1: Ball
1-1: SINGLE (Line Drive, 56D, EV 76.3 MPH)
Batting: LHB Caleb Oliver 0-0: Called Strike
0-1: Foul Ball, location: 7LSF
0-2: Foul Ball, location: 2F
0-2: Ball
1-2: Foul Ball, location: 3FF
1-2: Ball
2-2: Ball
3-2: Grounds into double play, 3-6-3 (Groundball, 3, EV 85.0 MPH)
Batting: RHB Yohan Roque 0-0: Called Strike
0-1: Fly out, F8 (Flyball, 8LD, EV 105.0 MPH)
Bottom of the 1st over - 0 runs, 1 hit, 0 errors, 0 left on base; Baltimore 2 - Memphis 0
TOP OF THE 2ND
Baltimore Orioles batting - Pitching for Memphis Blues : RHP Clark Bryant
Batting: RHB Gunner Parks 0-0: Ball
1-0: SINGLE (Line Drive, 34, EV 106.3 MPH)
Batting: RHB Gonçalo Melo 0-0: Ball
1-0: Called Strike
1-1: Fielders Choice at 2nd, 6-4 (Groundball, 6, EV 83.8 MPH)
Batting: LHB Junino Exposito 0-0: Called Strike
0-1: Foul Ball, location: 7LSF
0-2: Foul Ball, location: 25FF
0-2: Strikes out swinging
Batting: LHB Kaiden Boshears 0-0: Ball
1-0: Foul Ball, location: 2F
1-1: Foul Ball, location: 25FF
1-2: Ball
2-2: Fly out, F7 (Line Drive, 7, EV 101.9 MPH)
Top of the 2nd over - 0 runs, 1 hit, 0 errors, 1 left on base; Baltimore 2 - Memphis 0
BOTTOM OF THE 2ND
Memphis Blues batting - Pitching for Baltimore Orioles : RHP Max Ibbotson
Batting: LHB Kent Dada 0-0: Ball
1-0: Called Strike
1-1: Ball
2-1: Fly out, F7 (Line Drive, 78D, EV 91.3 MPH)
Batting: RHB Ronald Londono 0-0: Called Strike
0-1: SINGLE (Line Drive, 7S, EV 106.3 MPH)
Batting: LHB Alex Nicholson 0-0: Ball
1-0: Foul Ball, location: 3FF
1-1: Called Strike
1-2: Fly out, F2 (Popup, 23F, EV 80.6 MPH)
Batting: RHB Amadeo Ybarra 0-0: Called Strike
0-1: Ball
1-1: Ball
2-1: Ball
3-1: Fly out, F6 (Popup, 6MD, EV 48.8 MPH)
Bottom of the 2nd over - 0 runs, 1 hit, 0 errors, 1 left on base; Baltimore 2 - Memphis 0
TOP OF THE 3RD
Baltimore Orioles batting - Pitching for Memphis Blues : RHP Clark Bryant
Batting: LHB Tony Goerner 0-0: Called Strike
0-1: Ball
1-1: Called Strike
1-2: Ball
2-2: Ball
3-2: Foul Ball, location: 7LSF
3-2: Ground out U3 (Groundball, 34, EV 85.0 MPH)
Batting: SHB Magglio Trego 0-0: Called Strike
0-1: Ball
1-1: Ground out 4-3 (Groundball, 4S, EV 88.1 MPH)
Batting: RHB Truman Jackson 0-0: Called Strike
0-1: Ball
1-1: Called Strike
1-2: SINGLE (Line Drive, 4MD, EV 105.0 MPH)
Batting: LHB Shaun Lane 0-0: Called Strike
0-1: Ground out 4-3 (Groundball, 34, EV 94.4 MPH)
Top of the 3rd over - 0 runs, 1 hit, 0 errors, 1 left on base; Baltimore 2 - Memphis 0
BOTTOM OF THE 3RD
Memphis Blues batting - Pitching for Baltimore Orioles : RHP Max Ibbotson
Batting: SHB Ishmael Baptiste 0-0: Ball
1-0: Foul Ball, location: 2F
1-1: Fly out, F9 (Flyball, 89S, EV 90.6 MPH)
Batting: RHB Josh Benedict 0-0: Foul Ball, location: 2F
0-1: Ball
1-1: Ground out 6-3 (Groundball, 6, EV 81.9 MPH)
Batting: RHB Julien Straton 0-0: Ground out U3 (Groundball, 34, EV 100.6 MPH)
Bottom of the 3rd over - 0 runs, 0 hits, 0 errors, 0 left on base; Baltimore 2 - Memphis 0
TOP OF THE 4TH
Baltimore Orioles batting - Pitching for Memphis Blues : RHP Clark Bryant
Batting: RHB Yovi Pizana 0-0: Swinging Strike
0-1: SINGLE (Groundball, 56, EV 89.4 MPH) (infield hit)
Batting: RHB Gunner Parks 0-0: Called Strike
0-1: Called Strike
0-2: Fly out, F9 (Line Drive, 89M, EV 105.6 MPH)
Batting: RHB Gonçalo Melo 0-0: Foul Ball, location: 3F
0-1: Fly out, F6 (Popup, 6MD, EV 55.6 MPH)
Batting: LHB Junino Exposito 0-0: Ball
1-0: Called Strike
Yovi Pizana steals 2nd base
1-1: Called Strike
1-2: SINGLE (Line Drive, 8RS, EV 89.4 MPH)
Yovi Pizana to third
Runner from 3rd tries for Home, SAFE, throw by CF to home
Junino Exposito to second
Batting: LHB Kaiden Boshears 0-0: Ball
1-0: Ball
2-0: Fly out, F8 (Flyball, 78S, EV 96.3 MPH)
Top of the 4th over - 1 run, 2 hits, 0 errors, 1 left on base; Baltimore 3 - Memphis 0
BOTTOM OF THE 4TH
Memphis Blues batting - Pitching for Baltimore Orioles : RHP Max Ibbotson
Batting: LHB Caleb Oliver 0-0: Ball
1-0: Called Strike
1-1: Ground out 5-3 (Groundball, 6, EV 76.3 MPH)
Batting: RHB Yohan Roque 0-0: Ball
1-0: Foul Ball, location: 2F
1-1: Ball
2-1: SINGLE (Groundball, 23, EV 73.8 MPH) (infield hit)
Batting: LHB Kent Dada 0-0: Hit by Pitch
Yohan Roque to second
Batting: RHB Ronald Londono 0-0: Ball
1-0: Ball
2-0: Ball
3-0: Fielders Choice at 2nd, 3-6 (Groundball, 34, EV 83.1 MPH)
Yohan Roque to third
Batting: LHB Alex Nicholson 0-0: Ball
1-0: Ball
2-0: Ball
3-0: Called Strike
3-1: Called Strike
3-2: Fly out, F8 (Flyball, 8LD, EV 88.1 MPH)
Bottom of the 4th over - 0 runs, 1 hit, 0 errors, 2 left on base; Baltimore 3 - Memphis 0
TOP OF THE 5TH
Baltimore Orioles batting - Pitching for Memphis Blues : RHP Clark Bryant
Batting: LHB Tony Goerner 0-0: Called Strike
0-1: DOUBLE (Line Drive, 9LS, EV 106.9 MPH)
Batting: SHB Magglio Trego 0-0: Ball
1-0: Called Strike
1-1: Ball
2-1: Called Strike
2-2: Strikes out looking
Batting: RHB Truman Jackson 0-0: Ball
1-0: Ball
2-0: Ball
3-0: Called Strike
3-1: Called Strike
3-2: SINGLE (Flyball, 4D, EV 91.3 MPH)
Tony Goerner to third
Batting: LHB Shaun Lane 0-0: Called Strike
0-1: Foul Ball, location: 9LSF
0-2: Ball
1-2: Foul Ball, location: 5SF
1-2: Ball
2-2: Foul Ball, location: 7LMF
2-2: Strikes out looking
Batting: RHB Yovi Pizana 0-0: Ball
1-0: Ball
2-0: Ball
3-0: Base on Balls
Truman Jackson to second
Batting: RHB Gunner Parks 0-0: Ball
1-0: Ball
2-0: Foul Ball, location: 2F
2-1: Ground out U3 (Groundball, 34, EV 88.8 MPH)
Top of the 5th over - 0 runs, 2 hits, 0 errors, 3 left on base; Baltimore 3 - Memphis 0
BOTTOM OF THE 5TH
Memphis Blues batting - Pitching for Baltimore Orioles : RHP Max Ibbotson
Batting: RHB Amadeo Ybarra 0-0: Ball
1-0: Fly out, F7 (Flyball, 7LM, EV 97.5 MPH)
Batting: SHB Ishmael Baptiste 0-0: Ball
1-0: Called Strike
1-1: Called Strike
1-2: Ball
2-2: Foul Ball, location: 2F
2-2: SOLO HOME RUN (Flyball, 7LD, EV 90.0 MPH), Distance : 347 ft
Batting: RHB Josh Benedict 0-0: Swinging Strike
0-1: Ball
1-1: Foul Ball, location: 2LF
1-2: Foul Ball, location: 2F
1-2: Foul Ball, location: 9LDF
1-2: Strikes out swinging
Batting: RHB Julien Straton 0-0: SINGLE (Line Drive, 9S, EV 97.5 MPH)
Batting: LHB Caleb Oliver 0-0: Ball
1-0: Ground out 4-3 (Groundball, 34, EV 81.3 MPH)
Bottom of the 5th over - 1 run, 2 hits, 0 errors, 1 left on base; Baltimore 3 - Memphis 1
TOP OF THE 6TH
Baltimore Orioles batting - Pitching for Memphis Blues : RHP Clark Bryant
Batting: RHB Gonçalo Melo 0-0: Called Strike
0-1: Called Strike
0-2: Ball
1-2: Strikes out looking
Batting: LHB Junino Exposito 0-0: Ball
1-0: Foul Ball, location: 2F
1-1: Swinging Strike
1-2: Strikes out looking
Batting: LHB Kaiden Boshears 0-0: Ball
1-0: Swinging Strike
1-1: Foul Ball, location: 3SF
1-2: Strikes out swinging
Top of the 6th over - 0 runs, 0 hits, 0 errors, 0 left on base; Baltimore 3 - Memphis 1
BOTTOM OF THE 6TH
Memphis Blues batting - Pitching for Baltimore Orioles : RHP Max Ibbotson
Batting: RHB Yohan Roque 0-0: Ball
1-0: Swinging Strike
1-1: Called Strike
1-2: Ball
2-2: Strikes out looking
Batting: LHB Kent Dada 0-0: Ball
1-0: Ball
2-0: Foul Ball, location: 2F
2-1: Swinging Strike
2-2: Strikes out swinging
Batting: RHB Ronald Londono 0-0: Fly out, F8 (Flyball, 8LD, EV 98.8 MPH)
Bottom of the 6th over - 0 runs, 0 hits, 0 errors, 0 left on base; Baltimore 3 - Memphis 1
TOP OF THE 7TH
Baltimore Orioles batting - Pitching for Memphis Blues : RHP Clark Bryant
Batting: LHB Tony Goerner 0-0: Swinging Strike
0-1: Ball
1-1: Ball
2-1: Ball
3-1: SOLO HOME RUN (Flyball, 9D, EV 98.8 MPH), Distance : 365 ft
Pitching: RHP Aaron Yeomans
Batting: SHB Magglio Trego 0-0: Ball
1-0: Ball
2-0: Ball
3-0: Swinging Strike
3-1: Base on Balls
Batting: RHB Truman Jackson 0-0: Foul Ball, location: 9LMF
0-1: Foul Ball, location: 2RF
0-2: Ground out 6-3 (Groundball, 6S, EV 64.4 MPH)
Magglio Trego to second
Batting: LHB Shaun Lane 0-0: Ball
1-0: Ball
2-0: Ball
3-0: Base on Balls
Batting: RHB Yovi Pizana 0-0: Foul Ball, location: 5DF
0-1: Swinging Strike
0-2: Strikes out looking
Batting: RHB Gunner Parks 0-0: Foul Ball, location: 2F
0-1: Foul Ball, location: 9LSF
0-2: Ball
1-2: Foul Ball, location: 2F
1-2: Ball
2-2: Strikes out looking
Top of the 7th over - 1 run, 1 hit, 0 errors, 2 left on base; Baltimore 4 - Memphis 1
BOTTOM OF THE 7TH
Memphis Blues batting - Pitching for Baltimore Orioles : RHP Max Ibbotson
Batting: LHB Alex Nicholson 0-0: Ball
1-0: Ball
2-0: Ground out 4-3 (Groundball, 4, EV 86.9 MPH)
Batting: RHB Amadeo Ybarra 0-0: Ball
1-0: Foul Ball, location: 9LSF
1-1: Ball
2-1: Ball
3-1: Ground out 5-3 (Groundball, 5L, EV 89.4 MPH)
Batting: SHB Ishmael Baptiste 0-0: Ball
1-0: Ball
2-0: Ball
3-0: Called Strike
3-1: Base on Balls
Batting: RHB Josh Benedict 0-0: Called Strike
0-1: Ball
1-1: Foul Ball, location: 5F
1-2: Fielders Choice at 2nd, 5-4 (Groundball, 56, EV 96.9 MPH)
Bottom of the 7th over - 0 runs, 0 hits, 0 errors, 1 left on base; Baltimore 4 - Memphis 1
TOP OF THE 8TH
Baltimore Orioles batting - Pitching for Memphis Blues : RHP Aaron Yeomans
Batting: RHB Gonçalo Melo 0-0: Called Strike
0-1: Ground out 5-3 (Groundball, 56S, EV 71.3 MPH)
Batting: LHB Junino Exposito 0-0: Called Strike
0-1: Fly out, F6 (Popup, 6M, EV 69.4 MPH)
Batting: LHB Kaiden Boshears 0-0: Ball
1-0: Called Strike
1-1: Foul Ball, location: 2F
1-2: Ball
2-2: Ground out 5-3 (Groundball, 5L, EV 101.9 MPH)
Top of the 8th over - 0 runs, 0 hits, 0 errors, 0 left on base; Baltimore 4 - Memphis 1
BOTTOM OF THE 8TH
Memphis Blues batting - Pitching for Baltimore Orioles : RHP Max Ibbotson
Batting: RHB Julien Straton 0-0: Ball
1-0: Ball
2-0: Fly out, F8 (Flyball, 8RM, EV 97.5 MPH)
Pitching: LHP Efrain Gould
Batting: LHB Caleb Oliver 0-0: Foul Ball, location: 3FF
0-1: Foul Ball, location: 5F
0-2: Foul Ball, location: 3FF
0-2: Strikes out swinging
Pitching: RHP Dave Black
Batting: RHB Yohan Roque 0-0: Foul Ball, location: 25F
0-1: Foul Ball, location: 9LMF
0-2: Ball
1-2: Ball
2-2: Ball
3-2: DOUBLE (Flyball, 8LXD, EV 90.0 MPH)
Batting: LHB Kent Dada 0-0: Called Strike
0-1: Ball
1-1: Fly out, F7 (Flyball, 78D, EV 78.1 MPH)
Bottom of the 8th over - 0 runs, 1 hit, 0 errors, 1 left on base; Baltimore 4 - Memphis 1
TOP OF THE 9TH
Baltimore Orioles batting - Pitching for Memphis Blues : RHP Aaron Yeomans
Pitching: LHP Ernest Martines
Batting: LHB Tony Goerner 0-0: Ball
1-0: Ball
2-0: SINGLE (Groundball, 4, EV 105.6 MPH) (infield hit)
Batting: SHB Magglio Trego 0-0: Grounds into double play, 6-4-3 (Groundball, 6, EV 96.3 MPH)
Batting: RHB Truman Jackson 0-0: Swinging Strike
0-1: Swinging Strike
0-2: Ball
1-2: Foul Ball, location: 5F
1-2: Ball
2-2: Foul Ball, location: 2F
2-2: Strikes out swinging
Top of the 9th over - 0 runs, 1 hit, 0 errors, 0 left on base; Baltimore 4 - Memphis 1
BOTTOM OF THE 9TH
Memphis Blues batting - Pitching for Baltimore Orioles : RHP Dave Black
Pitching: RHP Kyle Baker
Batting: RHB Ronald Londono 0-0: Called Strike
0-1: Called Strike
0-2: Strikes out swinging
Batting: LHB Alex Nicholson 0-0: Called Strike
0-1: Foul Ball, location: 2F
0-2: Strikes out looking
Pinch Hitting: LHB Jaxson Eisley 0-0: Called Strike
0-1: Ground out 1-3 (Groundball, 34S, EV 69.4 MPH)
Bottom of the 9th over - 0 runs, 0 hits, 0 errors, 0 left on base; Baltimore 4 - Memphis 1
Friday, March 29th , 2024 - OOTP Baseball 24.11 Build 85